 Dungeon Crawl Stone Soup version 0.30-a0-587-gfd7c166f36 (webtiles) character file.

Game seed: 17029370624847872102

9162 CoinPitGoblin the Geomancer (level 11, -1/59 HPs)
             Began as a Gargoyle Earth Elementalist on Jan 4, 2023.
             Was an Initiate of Gozag.
             Slain by a polar bear (16 damage)
             ... on level 8 of the Dungeon.
             The game lasted 00:24:17 (9961 turns).

CoinPitGoblin the Geomancer (GrEE)                  Turns: 9961, Time: 00:24:17

Health: -1/59      AC: 19    Str: 12    XL:     11   Next: 42%
Magic:  10/26      EV: 10    Int: 20    God:    Gozag
Gold:   421        SH:  9    Dex: 10    Spells: 17/33 levels left

rFire   . . .      SeeInvis .    s - +5 whip of Wyrd {heavy, rPois}
rCold   . . .      Faith    .    L - +2 kite shield {AC+3}
rNeg    + . .      Spirit   .    a - +0 robe
rPois   ∞          Reflect  .    A - +1 helmet
rElec   +          Harm     .    G - +2 cloak {Stlth+}
rCorr   .          Rampage  .    B - +0 pair of gloves
Will    .....                    (no boots)
Stlth   +++                      (no amulet)
HPRegen 0.29/turn                (no ring)
MPRegen 0.20/turn                (no ring)

@: gold aura, very slightly contaminated
A: sickness immunity, AC +8, negative energy resistance 1, electricity
resistance, torment resistance 1, petrification resistance
a: Renounce Religion, Potion Petition, Call Merchant, Bribe Branch


You were on level 8 of the Dungeon.
You worshipped Gozag.
Gozag was aware of your devotion.
You visited 2 branches of the dungeon, and saw 9 of its levels.
You also visited: Bailey.

You collected 1241 gold pieces.
You spent 728 gold pieces at shops.
You paid 92 gold pieces to Gozag.

Inventory:

Hand Weapons
 m - a +2 spectral quarterstaff
 p - a +2 dagger of electrocution
 s - the +5 whip of Wyrd (weapon) {heavy, rPois}
   (You found it on level 6 of the Dungeon)

   It deals dramatically more damage, but attacks with it are much slower.
   rPois:     It protects you from poison.
Missiles
 i - 3 throwing nets
Armour
 a - a +0 robe (worn)
 o - a +0 buckler
 t - the +0 hat "Waja" {+Inv Will- Dex+6 SInv}
   (You found it in a bailey)

   Dex:       It affects your dexterity (+6).
   SInv:      It lets you see invisible.
   +Inv:      It lets you turn invisible.
   Will:      It decreases your willpower.
 A - a +1 helmet (worn)
 B - a +0 pair of gloves (worn)
 G - a +2 cloak of stealth (worn)
 L - a +2 kite shield of protection (worn)
Magical Staves
 u - a staff of fire
 E - a staff of cold
Jewellery
 v - an amulet of the acrobat
 w - the amulet "Fiuwkom" {Spirit Int+3 Dex+3}
   (You found it on level 3 of the Dungeon)

   [amulet of guardian spirit]

   It causes incoming damage to be divided between your reserves of health and
   magic.
   Int:       It affects your intelligence (+3).
   Dex:       It affects your dexterity (+3).
 y - an amulet of magic regeneration
Wands
 r - a wand of mindburst (21)
 C - a wand of acid (8)
 H - a wand of flame (26)
Scrolls
 e - 2 scrolls of amnesia
 f - 5 scrolls of teleportation
 l - 2 scrolls of enchant armour
 n - 3 scrolls of poison
 J - 2 scrolls of identify
Potions
 b - a potion of magic
 c - 5 potions of curing
 d - 2 potions of attraction {unknown}
 g - 4 potions of berserk rage
 h - 2 potions of might {unknown}
 j - 5 potions of mutation {unknown}
 k - 3 potions of brilliance {unknown}
 q - 5 potions of lignification {unknown}
 x - 2 potions of flight {unknown}
 z - a potion of ambrosia {unknown}
 D - 2 potions of haste {unknown}
 F - 3 potions of heal wounds
 I - a potion of degeneration {unknown}
 K - a potion of invisibility


   Skills:
 + Level 2.7 Fighting
 + Level 3.7 Dodging
 - Level 2.1 Stealth
 + Level 1.6 Shields
 + Level 11.6 Spellcasting
 - Level 0.7 Transmutations
 + Level 0.4 Fire Magic
 + Level 1.7 Air Magic
 + Level 13.3 Earth Magic


You had 17 spell levels left.
You knew the following spells:

 Your Spells              Type           Power      Damage    Failure   Level
a - Sandblast             Erth           100%       2d20      1%          1
b - Passwall              Tmut/Erth      32%        N/A       1%          2
c - Stone Arrow           Conj/Erth      76%        3d11      3%          3
d - Swiftness             Air            18%        N/A       28%         3
e - Inner Flame           Hex/Fire       12%        N/A       47%         3
f - Petrify               Tmut/Erth      39%        N/A       11%         4

Your spell library contained the following spells:

 Spells                   Type           Power      Damage    Failure   Level
 Animate Armour           Summ/Erth      76%        N/A       12%         4
 Shock                    Conj/Air       60%        1d6       14%         1
 Apportation              Tloc           22%        N/A       19%         1
 Freeze                   Ice            44%        1d6       19%         1
 Kiss of Death            Conj/Necr      44%        2d8       19%         1
 Magic Dart               Conj           44%        1d5       19%         1
 Necrotise                Necr           44%        1d6       19%         1
 Summon Small Mammal      Summ           44%        N/A       19%         1
 Poisonous Vapours        Pois/Air       30%        N/A       21%         2
 Searing Ray              Conj           22%        2d5       28%         2
 Mephitic Cloud           Conj/Pois/Air  14%        N/A       41%         3
 Confusing Touch          Hex            11%        N/A       50%         3
 Frozen Ramparts          Ice            22%        1d4       50%         3
 Hailstorm                Conj/Ice       11%        3d5       50%         3
 Airstrike                Air            9%         2d(2-18)  67%         4
 Flame Wave               Conj/Fire      12%        2d6       87%         4
 Sticky Flame             Conj/Fire      12%        2d4       87%         4
 Dispel Undead            Necr           11%        3d9       88%         4
 Fulminant Prism          Conj/Hex       5%         3d6       88%         4
 Lehudib's Crystal Spear  Conj/Erth      19%        10d6      100%        8
 Cigotuvi's Dreadful Rot  Necr/Pois/Air  Unusable   N/A       N/A         2

Dungeon Overview and Level Annotations

Branches:
Dungeon (8/15)             Temple (1/1) D:6            Lair (0/5) D:8
 Bailey (visited)

Altars:
Ashenzari
Cheibriados
Dithmenos
Elyvilon
Fedhas
Gozag
Kikubaaqudgha
Makhleb
Nemelex Xobeh
Okawaru
Qazlal
Ru
Sif Muna
Trog
Uskayaw
Vehumet
Wu Jian
Yredelemnul
Zin
The Shining One

Shops:
D:5 ?((   D:6 [

Annotations:
D:5 5 runed translucent doors, Azuvok's ghost, novice HOFi; LetschGu's ghost, novice DjEE; M4edhros's ghost, amateur OpAr; M4edhros's ghost, amateur OpFi


Innate Abilities, Weirdness & Mutations

You are immune to sickness and miasma.
Your stone body is resilient. (AC +8)
You are immune to poison.
You resist negative energy. (rN+)
You are resistant to electric shocks. (rElec)
You are resistant to unholy torment.
You are immune to petrification.


Message History

Aiming: Stone Arrow (dangerous; 3% risk of failure)
Press: ? - help, Shift-Dir - straight line, f/p - polar bear
Aim: a polar bear (unaware, hasn't noticed you, 81% to hit)
The stone arrow hits the polar bear!!
The polar bear is severely wounded.
The polar bear is no longer distracted by gold.
The polar bear growls angrily.
The polar bear bites you but does no damage.
The polar bear claws you but does no damage.
You block the polar bear's attack.
Casting: Stone Arrow (dangerous; 3% risk of failure)
Confirm with . or Enter, or press ? or * to list all spells.
Aiming: Stone Arrow (dangerous; 3% risk of failure)
Press: ? - help, Shift-Dir - straight line, f/p - polar bear
Aim: a polar bear (severely wounded, 81% to hit)
The stone arrow hits the polar bear!
The polar bear is almost dead.
The polar bear goes berserk!
Unknown command.
Casting: Stone Arrow (dangerous; 3% risk of failure)
Confirm with . or Enter, or press ? or * to list all spells.
Aiming: Stone Arrow (dangerous; 3% risk of failure)
Press: ? - help, Shift-Dir - straight line, f/p - polar bear
Aim: a polar bear (almost dead, berserk, 81% to hit)
You miscast Stone Arrow.
You are very lightly contaminated with residual magic.
Nothing appears to happen.
The wight is no longer distracted by gold.
The polar bear misses you. The polar bear barely misses you.
The polar bear claws you but does no damage.
You hit the polar bear but do no damage.
The polar bear is almost dead.
The polar bear bites you!
* * * LOW HITPOINT WARNING * * *
The polar bear closely misses you. You block the polar bear's attack.
The polar bear barely misses you.
The polar bear claws you but does no damage. x2
The polar bear bites you!
You die...
Your body crumbles into a pile of gold.

..###..................#
.........#...#........#
#......####..#..###...#
#..... #..#..# ##..#
..###.... #.....# ##.#
........## #......# #.#
#...$$.z####..##...##
#.# #.#...##hh##..#
#....# #.. .....
###@...# #.....###.#
..#. ##..## #..##...#.#
. # ##.####.....# #.#
#..##......###.#
#.#....####.#.##
#.####.####...## #.#
#.#..#...## ..#
#####...### ### ###...##


You could see 2 polar bears and a wight.

Vanquished Creatures
  A two-headed ogre (D:8)
  2 death yaks (D:8)
  2 polar bears (D:8)
  Prince Ribbit (D:6)
  A hornet (D:7)
  Sigmund (D:6)
  A shadow (D:5)
  2 yaks
  2 unseen horror simulacra (D:8)
  2 steam dragons
  2 wargs (D:8)
  Menkaure (D:4)
  Duvessa (D:6)
  2 water moccasins
  13 orc warriors (Bailey)
  4 ice beasts
  3 ogres
  2 wolves (D:8)
  2 centaurs
  A kobold brigand (D:6)
  4 phantoms
  3 bullfrogs (D:7)
  A gnoll sergeant (D:5)
  2 necrophages
  4 scorpions
  A hornet simulacrum (D:8)
  A wight (D:8)
  Dowan (D:6)
  5 killer bees (D:8)
  5 electric eels (D:8)
  A wyvern simulacrum (D:8)
  3 orc priests
  6 hounds
  A gnoll bouda (D:7)
  4 jellies (D:5)
  Crazy Yiuf (D:6)
  3 iguanas
  2 orc wizards (D:8)
  3 centaur simulacra (D:8)
  22 gnolls
  7 adders
  11 white imps
  An ufetubus (D:8)
  3 worms
  A dart slug (D:3)
  20 orcs
  5 endoplasms
  6 giant cockroaches
  14 goblins
  14 hobgoblins
  3 jackals (D:3)
  A quokka (D:1)
  4 ball pythons
  3 bats
  2 frilled lizards (D:3)
  8 kobolds
  3 rats
225 creatures vanquished.

Vanquished Creatures (others)
  5 plants (D:6)
  2 withered plants (D:5)
7 creatures vanquished.

Grand Total: 232 creatures vanquished

Notes
Turn   | Place    | Note
-------+----------+-------------------------------------------
     0 | D:1      | CoinPitGoblin the Gargoyle Earth Elementalist began the
                  | quest for the Orb.
     0 | D:1      | Reached XP level 1. HP: 10/10 MP: 3/3
   138 | D:1      | Reached skill level 4 in Earth Magic
   138 | D:1      | Reached XP level 2. HP: 15/15 MP: 1/5
   548 | D:1      | Found a faded altar of an unknown god.
   786 | D:2      | Learned a level 2 spell: Passwall
   972 | D:2      | Reached XP level 3. HP: 19/19 MP: 4/6
  1673 | D:3      | Reached XP level 4. HP: 24/24 MP: 6/8
  1791 | D:3      | Found a snail-covered altar of Cheibriados.
  1859 | D:3      | Identified the amulet "Fiuwkom" {Spirit Int+3 Dex+3}
  2340 | D:4      | Noticed an ogre
  2345 | D:4      | Killed an ogre
  2346 | D:4      | Reached skill level 5 in Earth Magic
  2346 | D:4      | Reached XP level 5. HP: 15/28 MP: 5/10
  2483 | D:4      | Found a broken altar of Ashenzari.
  2548 | D:4      | Found a basalt altar of Yredelemnul.
  2636 | D:4      | Noticed Menkaure
  2643 | D:4      | Killed Menkaure
  2644 | D:4      | Reached skill level 6 in Earth Magic
  2644 | D:4      | Reached XP level 6. HP: 15/33 MP: 2/12
  2922 | D:4      | Reached skill level 5 in Spellcasting
  2922 | D:4      | Reached XP level 7. HP: 36/37 MP: 10/14
  2996 | D:4      | Learned a level 3 spell: Stone Arrow
  3000 | D:4      | Learned a level 3 spell: Swiftness
  3182 | D:5      | Entered Level 5 of the Dungeon
  3841 | D:5      | Reached skill level 7 in Earth Magic
  3983 | D:5      | Found a large runed translucent door.
  3983 | D:5      | Found a large runed translucent door.
  4029 | D:5      | Found a large runed translucent door.
  4030 | D:5      | Found a large runed translucent door.
  4030 | D:5      | Noticed a steam dragon
  4035 | D:5      | Reached skill level 1 in Fighting
  4035 | D:5      | Noticed a shadow
  4130 | D:5      | Found a runed translucent gate.
  4130 | D:5      | Found a runed translucent gate.
  4131 | D:5      | Found a runed translucent gate.
  4133 | D:5      | Noticed Azuvok's ghost (novice HOFi)
  4134 | D:5      | Noticed LetschGu's ghost (novice DjEE)
  4135 | D:5      | Noticed M4edhros's ghost (amateur OpAr)
  4135 | D:5      | Noticed M4edhros's ghost (amateur OpFi)
  4183 | D:5      | Reached skill level 8 in Earth Magic
  4183 | D:5      | Reached XP level 8. HP: 43/43 MP: 11/16
  4243 | D:5      | Noticed a yak
  4249 | D:5      | Killed a yak
  4253 | D:5      | Identified the +0 leather armour "Moaf" {Harm}
  4693 | D:5      | Reached skill level 9 in Earth Magic
  4830 | D:5      | Found Gauheurch's Weapon Emporium.
  4830 | D:5      | Found Epeix's Antique Weapon Shoppe.
  4831 | D:5      | Found Rewku's Magic Scroll Emporium.
  5498 | D:6      | Found a staircase to the Ecumenical Temple.
  5588 | D:6      | Reached skill level 1 in Air Magic
  5601 | D:6      | Identified the +5 whip of Wyrd {heavy, rPois}
  5618 | Temple   | Entered the Ecumenical Temple
  5811 | Temple   | Became a worshipper of Gozag Ym Sagoz the Greedy
  5848 | D:6      | Reached XP level 9. HP: 46/48 MP: 18/20
  5864 | D:6      | Noticed Sigmund
  5870 | D:6      | Killed Sigmund
  5976 | D:6      | Learned a level 3 spell: Inner Flame
  5981 | D:6      | Learned a level 4 spell: Petrify
  6007 | D:6      | Noticed Dowan
  6009 | D:6      | Noticed Duvessa
  6014 | D:6      | Killed Duvessa
  6029 | D:6      | Killed Dowan
  6095 | D:6      | Noticed Prince Ribbit
  6533 | D:6      | Found a runed translucent door.
  6534 | D:6      | Noticed Crazy Yiuf
  6643 | D:6      | Killed Prince Ribbit
  6644 | D:6      | Reached skill level 10 in Earth Magic
  6658 | D:6      | Found Umiehuff's Armour Boutique.
  6735 | D:6      | Killed Crazy Yiuf
  6877 | D:7      | Noticed a hornet
  6880 | D:7      | Killed a hornet
  6931 | D:7      | Found a flagged portal.
  7040 | D:7      | Found a shadowy altar of Dithmenos.
  7189 | Bailey   | Entered a bailey
  7362 | Bailey   | Reached XP level 10. HP: 51/53 MP: 12/23
  7452 | Bailey   | Reached skill level 11 in Earth Magic
  7838 | Bailey   | Noticed an orc warlord
  8036 | Bailey   | Identified the +0 hat "Waja" {+Inv Will- Dex+6 SInv}
  8398 | D:7      | Reached skill level 10 in Spellcasting
  8545 | D:7      | Found an ornate altar of the Wu Jian Council.
  8902 | D:5      | Bought a scroll of acquirement for 728 gold pieces
  8902 | D:5      | Acquired a +2 kite shield of protection
  9099 | D:8      | Reached skill level 12 in Earth Magic
  9194 | D:8      | Noticed a death yak
  9205 | D:8      | Killed a death yak
  9401 | D:8      | Noticed a two-headed ogre
  9407 | D:8      | Killed a two-headed ogre
  9408 | D:8      | Reached XP level 11. HP: 49/59 MP: 16/26
  9470 | D:8      | Noticed a death yak
  9479 | D:8      | Killed a death yak
  9480 | D:8      | Reached skill level 1 in Shields
  9485 | D:8      | Reached skill level 13 in Earth Magic
  9794 | D:8      | Found a staircase to the Lair.
  9961 | D:8      | Slain by a polar bear

Illustrated notes

Levels and vault maps discovered:
D:1:      lightli_molten_gateway, layout_loops_cross,
          shapermc_ecumenical_altar_venn
D:2:      layout_loops_cross, minmay_misc_feat_secret_circle, minmay_unequal
D:3:      layout_rooms, kennysheep_slug_shrine, kennysheep_cluttered_room,
          minmay_splitting_lines, st_stairs_14
D:4:      layout_layer_cave, mainiacjoe_overflow_tiny_flanked, kennysheep_mini,
          uniq_menkaure
D:5:      layout_cave_pods, gammafunk_ghost_cemetery, nicolae_wooded_promenade,
          minmay_hollow_rounded_squares
D:6:      layout_cave_pools, minmay_temple_entry_gardened_gates, serial_shops,
          nicolae_diamond_shop, minmay_misc_feat_tower, uniq_prince_ribbit1,
          uniq_crazy_yiuf_cottage, uniq_sigmund, uniq_duvessa
D:7:      layout_gridville, kennysheep_mini_moat, nicolae_wu_jian_wuxing_cycle,
          enter_bailey_6, grunt_ministairs_13
D:8:      layout_layer_cave, mainiacjoe_overflow_brackets,
          erik_lair_orcish_takeover, serial_ice, serial_ice_o, serial_ice_i,
          serial_ice_f, serial_ice_c, serial_ice_m, serial_ice_h, serial_ice_n,
          serial_ice_g, hangedman_abyss_or_decor_jellyfish_corner,
          grunt_tough_drop
Temple:   regret_index_temple_generic_petals

Skill      XL: |  1  2  3  4  5  6  7  8  9 10 11 |
---------------+----------------------------------+-----
Earth Magic    | 4 5 6 8 9 10 12 13 | 13.3
Spellcasting   | 3 4 5 7 9 11 | 11.6
Dodging        | 2 3 |  3.7
Fighting       | 1 2 |  2.7
Air Magic      | 1 |  1.7
Shields        | 1 |  1.6
Stealth        | |  2.1
Transmutations | |  0.7
Fire Magic     | |  0.4

Action                   |  1- 3 |  4- 6 |  7- 9 | 10-12 || total
-------------------------+-------+-------+-------+-------++-------
Melee: Dagger            |     6 |     1 |     3 |       ||    10
       Unarmed           |     1 |       |       |       ||     1
       Quarterstaff      |       |       |    13 |     8 ||    21
       Whip              |       |       |       |    10 ||    10
 Cast: Sandblast         |    37 |    40 |   146 |   165 ||   388
       Inner Flame       |       |       |     2 |       ||     2
       Swiftness         |       |       |     1 |     1 ||     2
       Stone Arrow       |       |       |       |    10 ||    10
  Use: Scroll            |       |       |     9 |     5 ||    14
       Potion            |       |       |       |     5 ||     5
 Stab: Invisible         |       |       |       |     1 ||     1
Armor: Robe              |    10 |     4 |    32 |   110 ||   156
Dodge: Dodged            |     5 |     5 |    58 |    91 ||   159
Block: Kite shield       |       |       |       |    46 ||    46

Table legend: (Time is in decaauts)
 A = Elapsed time spent in this place.
 B = Non-inter-level travel time spent in this place.
 C = Inter-level travel time spent in this place.
 D = Time resting spent in this place.
 E = Time spent auto-exploring this place.
 F = Levels seen in this place.
 G = Mean time per level.
                   A        B        C        D        E       F      G
               +--------+--------+--------+--------+--------+-----+--------+
         Total |  10183 |   9276 |    907 |    425 |   7166 |  10 | 1018.3 |
       Dungeon |   9013 |   8128 |    885 |    179 |   6666 |   8 | 1126.6 |
        Temple |    216 |    194 |     22 |      0 |    182 |   1 |  216.0 |
        Bailey |    953 |    953 |      0 |    246 |    318 |   1 |  953.0 |
               +--------+--------+--------+--------+--------+-----+--------+

Top non-repeatable levels by time:
     D:5: 1878 daAuts
     D:4: 1620 daAuts
     D:7: 1253 daAuts
     D:6: 1039 daAuts
  Bailey: 953 daAuts
     D:2: 897 daAuts
     D:8: 859 daAuts
     D:1: 744 daAuts
     D:3: 721 daAuts
  Temple: 216 daAuts
